 Dungeon Crawl Stone Soup version 0.30-b1-2-g02819fbbbe (webtiles) character file.

Game seed: 15648138641169575710

10271 MacCMillion the Severer (level 11, 0/99 HPs)
             Began as a Minotaur Fighter on May 3, 2023.
             Was a High Priest of Okawaru.
             Slain by a vampire (11 damage)
             ... on level 10 of the Dungeon.
             The game lasted 00:20:56 (12265 turns).

MacCMillion the Severer (Minotaur Fighter)         Turns: 12265, Time: 00:20:57

Health: 0/99       AC: 13    Str: 24    XL:     11   Next: 34%
Magic:  10/10      EV:  7    Int:  5    God:    Okawaru [*****.]
Gold:   563        SH:  0    Dex: 11    Spells: 10/10 levels left

rFire   . . .        H - +2 battleaxe (freeze)
rCold   . . .        (shield currently unavailable)
rNeg    . . .        i - +0 plate armour
rPois   .            (helmet restricted)
rElec   .            (no cloak)
rCorr   .            (no gloves)
SInv    .            (no boots)
Will    .....        l - amulet of reflection Stlth
                     (no ring)
HPRegen 0.36/turn    (no ring)
MPRegen 0.12/turn

%: reflection
@: confused, marked, hasted, very quick
A: horns 2, retaliatory headbutt
a: Renounce Religion, Heroism, Finesse, Duel


You were on level 10 of the Dungeon.
You worshipped Okawaru.
Okawaru was extremely pleased with you.
You visited 2 branches of the dungeon, and saw 11 of its levels.
You also visited: Sewer and Bailey.

You collected 734 gold pieces.
You spent 171 gold pieces at shops.

Inventory:

Hand Weapons
 H - a +2 battleaxe of freezing (weapon)
Missiles
 s - 18 poisoned darts (quivered)
 x - 4 atropa-tipped darts
 B - 14 boomerangs of dispersal
 G - 2 curare-tipped darts
 J - 3 datura-tipped darts
 L - 2 silver javelins
 N - 24 boomerangs
Armour
 b - a +0 scale mail
 c - a +0 buckler
 i - a +0 plate armour (worn)
Jewellery
 k - the ring of Benk {rElec rC+ AC+4 Str-4 Dex+8}
   (You found it on level 2 of the Dungeon)

   [ring of protection]

   AC:        It affects your AC (+4).
   Str:       It affects your strength (-4).
   Dex:       It affects your dexterity (+8).
   rC:        It protects you from cold.
   rElec:     It insulates you from electricity.
 l - an amulet of reflection (around neck)
 D - the ring "Boire" {Fly rC+ Str+6}
   (You found it on level 6 of the Dungeon)

   [ring of strength]

   Str:       It affects your strength (+6).
   rC:        It protects you from cold.
   Fly:       It grants you flight.
Wands
 e - a wand of mindburst (16)
 o - a wand of roots (22)
 K - a wand of quicksilver (8)
Scrolls
 a - a scroll of identify
 f - a scroll of magic mapping
 h - a scroll of amnesia
 m - 2 scrolls of noise
 t - 2 scrolls of fog
 u - 4 scrolls of enchant armour {unknown}
 w - 5 scrolls of fear {unknown}
 y - 2 scrolls of poison
 C - a scroll of enchant weapon
 F - 2 scrolls of immolation {unknown}
 I - 2 scrolls of teleportation {unknown}
 O - a scroll of blinking
 U - 2 scrolls of vulnerability {unknown}
Potions
 d - 3 potions of might
 g - 4 potions of lignification
 j - 3 potions of curing
 n - 3 potions of heal wounds
 p - 2 potions of degeneration
 q - 3 potions of invisibility
 r - a potion of cancellation
 v - 2 potions of haste
 z - a potion of attraction {unknown}
 A - 2 potions of mutation {unknown}
 E - 2 potions of magic {unknown}
 M - a potion of ambrosia {unknown}
 P - a potion of resistance {unknown}
 Q - a potion of experience
 R - a potion of brilliance {unknown}
 S - a potion of berserk rage {unknown}
 T - a potion of flight {unknown}


   Skills:
 - Level 10.0 Fighting
 + Level 16.6 Axes
 - Level 5.0 Throwing
 - Level 8.0 Armour
 - Level 4.0 Shields


You had 10 spell levels left.
You didn't know any spells.
Your spell library contained the following spells:

 Spells                   Type           Power      Damage    Failure   Level
 Slow                     Hex            0%         N/A       100%        1
 Ensorcelled Hibernation  Hex/Ice        0%         N/A       100%        2
 Confusing Touch          Hex            0%         N/A       100%        3
 Spider Form              Tmut/Pois      0%         N/A       100%        3
 Vampiric Draining        Necr           0%         2d6       100%        3
 Anguish                  Hex/Necr       0%         N/A       100%        4
 Petrify                  Tmut/Erth      0%         N/A       100%        4
 Metabolic Englaciation   Hex/Ice        0%         N/A       100%        5
 Statue Form              Tmut/Erth      0%         N/A       100%        6


Dungeon Overview and Level Annotations

Branches:
Dungeon (10/15)            Temple (1/1) D:5            Lair (0/5) D:9
  Sewer (visited)          Bailey (visited)
    Orc: D:9-12

Altars:
Ashenzari
Cheibriados
Dithmenos
Elyvilon
Gozag
Hepliaklqana
Kikubaaqudgha
Makhleb
Okawaru
Qazlal
Ru
Sif Muna
Trog
Uskayaw
Vehumet
Wu Jian
Xom
Yredelemnul
Zin
The Shining One

Shops:
D:5 (   D:9 *

Annotations:
D:4 Sigmund


Innate Abilities, Weirdness & Mutations

You have a pair of horns on your head.
You reflexively headbutt those who attack you in melee.


Message History

You hit the wraith. You headbutt the wraith.
You destroy the wraith!
Okawaru accepts your kill.
You barely miss something. Something hits you. Something bites you!
Something draws strength from your injuries!
The shadow strikes at you from the darkness!
Reactivating autopickup.
Something hits you but does no damage.
Deactivating autopickup; reactivate with Ctrl-A.
Something bites you.
Something draws strength from your injuries!
Found an escape hatch in the floor.
The shadow hits you!
You slice the shadow!!
The shadow is almost destroyed.
You closely miss something.
You hear some strange, mumbled words.
You are confused.
The shadow hits you.
You bump into the rock wall.
Something hits you! Something bites you!
Something draws strength from your injuries!
The shadow hits you!
* * * LOW HITPOINT WARNING * * *
You closely miss the shadow.
The shadow is almost destroyed.
You miss something. Something hits you.
* * * LOW HITPOINT WARNING * * *
Something bites you but does no damage. The shadow hits you.
You slash the shadow!
You destroy the shadow!
Okawaru accepts your kill. Okawaru grants you a weapon!
Something appears at your feet!
You see here a +0 executioner's axe of venom.
You completely miss something. Something hits you.
* * * LOW HITPOINT WARNING * * *
Something bites you!
* * * LOW HITPOINT WARNING * * *
Something draws strength from your injuries!
You feel yourself speed up. Something hits you!
You die...

...## ............#...
#.... ####.......#... #
#.... ##...........
..#....#####......####..
........##.#.......##...
....................#...
............).......†.##
.........#.#.#..##..†..#
.......@##########..†..#
#.......# ###.......
.........######.........
.>...###..#.#...........
........................
....##<..#.#............
..........####....#.....
.......#....#...##...#[.
.... #.......###...##.


There were no monsters in sight!

Vanquished Creatures
  A manticore (D:9)
  A cyclops (D:6)
  An elephant (D:9)
  A kobold demonologist (D:10)
  A troll (D:10)
  A vampire (D:10)
  8 yaks
  A shadow (D:10)
  A wyvern (D:9)
  2 wraiths (D:10)
  4 humans (D:9)
  A basilisk (D:9)
  3 vampire mosquitoes (D:10)
  3 steam dragons
  Edmund (D:4)
  2 acid dragons
  4 water moccasins
  2 black bears
  An ice beast (D:5)
  A sky beast (D:6)
  6 orc warriors
  3 ogres
  3 centaurs
  3 kobold brigands
  3 phantoms
  A bullfrog (D:7)
  4 scorpions
  8 wights
  18 killer bees
  4 howler monkeys
  4 hounds
  5 orc priests
  3 gnoll boudas
  3 sleepcaps
  2 iguanas
  11 orc wizards
  7 adders
  9 gnolls
  3 shadow imps
  A white imp (D:6)
  2 ufetubi
  3 worms (Sewer)
  A dart slug (D:4)
  44 orcs
  8 endoplasms
  6 giant cockroaches (D:4)
  16 goblins
  4 hobgoblins
  6 jackals
  32 kobolds
  10 quokkas
  4 ball pythons
  2 bats
  4 frilled lizards
  10 rats
293 creatures vanquished.

Vanquished Creatures (others)
  5 dream sheep (D:9)
  A kobold (Sewer)
  A plant (D:4)
7 creatures vanquished.

Grand Total: 300 creatures vanquished

Notes
Turn   | Place    | Note
-------+----------+-------------------------------------------
     0 | D:1      | MacCMillion the Minotaur Fighter began the quest for the
                  | Orb.
     0 | D:1      | Reached XP level 1. HP: 19/19 MP: 0/0
     1 | D:1      | Noticed an electric eel
   113 | D:1      | Reached skill level 3 in Axes
   113 | D:1      | Reached XP level 2. HP: 17/26 MP: 1/1
   535 | D:1      | Reached XP level 3. HP: 31/31 MP: 2/2
   712 | D:2      | Reached skill level 4 in Axes
   731 | D:2      | Found a faded altar of an unknown god.
   733 | D:2      | Identified the ring of Benk {rElec rC+ AC+4 Str-4 Dex+8}
   813 | D:2      | Found an opulent altar of Gozag.
  1268 | D:3      | Reached skill level 5 in Axes
  1268 | D:3      | Reached XP level 4. HP: 32/39 MP: 3/3
  1849 | D:3      | Found an opulent altar of Gozag.
  2012 | D:4      | Reached skill level 6 in Axes
  2015 | D:4      | Reached XP level 5. HP: 44/45 MP: 4/4
  2150 | D:4      | Noticed a yak
  2150 | D:4      | Noticed a yak
  2180 | D:4      | Killed a yak
  2181 | D:4      | Reached skill level 7 in Axes
  2181 | D:4      | Reached XP level 6. HP: 46/51 MP: 5/5
  2198 | D:4      | Found a glowing drain.
  2215 | D:4      | Reached skill level 8 in Axes
  2244 | Sewer    | Entered a sewer
  2931 | Sewer    | Reached skill level 9 in Axes
  2931 | Sewer    | Reached XP level 7. HP: 44/57 MP: 6/6
  3149 | D:4      | Noticed a yak
  3152 | D:4      | Noticed a yak
  3192 | D:3      | Killed a yak
  3420 | D:4      | Noticed a yak
  3569 | D:4      | Reached skill level 10 in Axes
  3893 | D:4      | Killed a yak
  3894 | D:4      | Reached XP level 8. HP: 43/67 MP: 7/7
  4317 | D:4      | Found a shadowy altar of Dithmenos.
  4317 | D:4      | Found a white marble altar of Elyvilon.
  4339 | D:4      | Reached skill level 11 in Axes
  4339 | D:4      | Reached skill level 5 in Armour
  4340 | D:4      | Reached skill level 5 in Fighting
  4868 | D:4      | Noticed Edmund
  4874 | D:4      | Noticed Sigmund
  4880 | D:4      | Killed Edmund
  4927 | D:5      | Entered Level 5 of the Dungeon
  5290 | D:5      | Found a staircase to the Ecumenical Temple.
  5302 | Temple   | Entered the Ecumenical Temple
  5327 | Temple   | Became a worshipper of Warmaster Okawaru
  5628 | D:5      | Reached XP level 9. HP: 57/78 MP: 8/8
  5715 | D:5      | Found Quehagg's Antique Weapon Emporium.
  5739 | D:5      | Reached * piety under Okawaru
  5942 | D:5      | Reached skill level 12 in Axes
  6849 | D:6      | Reached ** piety under Okawaru
  6965 | D:6      | Found a glowing silver altar of Zin.
  7263 | D:6      | Found a radiant altar of Vehumet.
  7339 | D:6      | Identified the ring "Boire" {Fly rC+ Str+6}
  7350 | D:6      | Found a glowing golden altar of the Shining One.
  7381 | D:6      | Found a basalt altar of Yredelemnul.
  7384 | D:6      | Found a bloodstained altar of Trog.
  7469 | D:6      | Reached skill level 13 in Axes
  7490 | D:6      | Noticed a cyclops
  7504 | D:6      | Killed a cyclops
  7505 | D:6      | Reached XP level 10. HP: 78/91 MP: 9/9
  7560 | D:6      | Reached *** piety under Okawaru
  7767 | D:7      | Found a burning altar of Makhleb.
  7979 | D:7      | Found a sacrificial altar of Ru.
  8014 | D:7      | Found a broken altar of Ashenzari.
  8344 | D:7      | Identified the +1 rapier of Xinam {chaos, rPois rCorr
                  | Int-5}
  8810 | D:5      | Bought a runed battleaxe for 171 gold pieces
  9018 | D:8      | Reached skill level 10 in Fighting
  9382 | D:8      | Reached skill level 14 in Axes
  9849 | D:9      | Received a gift from Okawaru
  9970 | D:9      | Found a staircase to the Lair.
  9970 | D:9      | Noticed an elephant
  9980 | D:9      | Killed an elephant
  9981 | D:9      | Reached skill level 15 in Axes
  9982 | D:9      | Reached **** piety under Okawaru
 10024 | D:9      | Found a shimmering altar of Xom.
 10107 | D:9      | Found a flagged portal.
 10128 | Bailey   | Entered a bailey
 10146 | Bailey   | Noticed an orc warlord
 10365 | Bailey   | Found a runed translucent gate.
 10368 | Bailey   | Found a runed translucent gate.
 10370 | Bailey   | Found a runed translucent gate.
 11098 | D:9      | Reached XP level 11. HP: 97/99 MP: 10/10
 11160 | D:9      | Found Uneffen's Lightly-Used Armoury.
 11564 | D:10     | Entered Level 10 of the Dungeon
 11700 | D:10     | Reached skill level 5 in Throwing
 11769 | D:9      | Reached skill level 16 in Axes
 12040 | D:10     | Reached ***** piety under Okawaru
 12264 | D:10     | Received a gift from Okawaru
 12265 | D:10     | Slain by a vampire

Illustrated notes

Levels and vault maps discovered:
D:1:      arrival_aquarium_a, layout_loops_ring
D:2:      layout_rooms, basic_altar, shapermc_ecumenical_altar_venn
D:3:      layout_loops_corners, lemuel_coloured_pillars_altar
D:4:      layout_basic, gammafunk_temple_overflow_wave, gup_sewer_entry_pipe,
          sigmund_edmund_badplayer
D:5:      minmay_bubble_buster, layout_gridville,
          minmay_temple_entry_butterflies, serial_shops, shop,
          kennysheep_generic_room_14
D:6:      minmay_chambers_of_sixes, layout_cave_pools,
          mainiacjoe_overflow_chevrons, nicolae_vehumet_altar_sigil,
          minmay_overflow_temple_star_quad, minmay_unpleasant_kobolds
D:7:      layout_basic, lemuel_round_altar, mainiacjoe_overflow_small_starburst,
          nicolae_ru_great_annihilating_truth,
          nicolae_concentric_dashed_squares_mild, grunt_ministairs_6,
          kennysheep_small_square
D:8:      layout_loops_corners, nicolae_figureground_sparkle
D:9:      layout_loops_cross, kb_xom_exploding_sheep, david_lair_generic,
          lightli_bailey_entry_fortress, minmay_shop_damaged,
          serial_park_tiny_pond, minmay_ruffians
D:10:     layout_cave_pools, nicolae_overflow_hidden_temple,
          roderic_roman_lattice
Temple:   hellmonk_temple_two_chambers

Skill      XL: |  1  2  3  4  5  6  7  8  9 10 11 |
---------------+----------------------------------+-----
Axes           | 3 5 6 7 9 10 11 13 15 16 | 16.6
Shields        | 4 |  4.0
Armour         | 4 6 8 |  8.0
Fighting       | 4 6 9 10 | 10.0
Throwing       | 4 5 |  5.0

Action                     |  1- 3 |  4- 6 |  7- 9 | 10-12 || total
---------------------------+-------+-------+-------+-------++-------
  Melee: War axe           |    87 |   104 |   274 |    60 ||   525
         Headbutt          |     6 |    12 |    55 |    45 ||   118
         Battleaxe         |       |       |       |   196 ||   196
  Throw: Dart              |       |       |     3 |       ||     3
 Invoke: Heroism           |       |       |     1 |       ||     1
    Use: Scroll            |       |       |     3 |    11 ||    14
         Potion            |       |       |     1 |     4 ||     5
   Stab: Invisible         |       |       |       |     1 ||     1
         Paralysed         |       |       |       |     1 ||     1
 Armour: Scale mail        |    44 |    28 |    13 |       ||    85
         Plate armour      |       |       |    74 |   130 ||   204
  Dodge: Dodged            |    31 |    29 |    55 |    84 ||   199
  Block: Buckler           |    23 |    39 |   115 |    17 ||   194
         Reflection        |       |     5 |     7 |     1 ||    13
         Other             |       |       |       |    36 ||    36
